← All builds
Pond / Cortex / Economy first / OBSERVED BUILD

Gunslinger buy

Cortex Pond build order · Supreme Isthmus

Pond buys Gunslingers from Tech from around 4:40, paying heavily for them, sending the skirmish bots to fight in the middle and later building its own Bot Lab for Ticks and Blitz.

#push #team support · 89 distinct matches · 14 players · 12% of Cortex Pond games · team won 58% of 89 · Recently observed

THE CATCH, AND WHAT COMES WITH IT
  • GunslingerGunslinger from Tech arrives 4:41 · 11% of role by thenTech makes it and hands it over.
  • Bot LabBot Lab in 45%15% of all Pond games by then

Paid for by sending allies about 830 metal and 19,000 energy by 5:00; standard pond sends 110 metal and 9,250 energy.

Where those units first fight, in 88 games with kill data: in the middle 92%, on their own side 7%.

Those units destroy a typical 2,162 metal of enemy units by 15:00.

Then transitions into tick (19% of army), blitz (11% of army), Armageddon (10% of army).

HOW TO PLAY IT

Key timing: Gunslinger handed over by 4:44

  1. Build heavy tidal and wind eco before any lab of your own.
  2. Take Gunslinger skirmish bots handed over by Tech.
  3. Send Gunslingers to the middle as skirmish support for front.
  4. Send Tech metal and energy, 872 metal and 20345 energy, to pay for it.
  5. Put up your own bot lab late for the Tick/Grunt transition.

Phase by phase

TYPICAL OF ITS 89 GAMES · AGAINST STANDARD POND
  1. 1
  2. 2
PLAY THE OPENING

Follow the example game's first 6:00 step by step: what to build now, what comes next, and where it goes. At 1× it keeps pace with your own game.

  1. 1

    Up to 5:00

    Economy
    • Metal Extractor4Mex
    • Wind Turbine10Wind+3 vs standard
    • Tidal Generator8Tidalfor allies
    • Tidal Generator2Tidal
    • Energy Converter1Converter
    • Energy Storage1Energy storage

    Some games also: con turret (43%)

    By 5:00 in all: 4 mex · 10 wind (standard 7) · 2 tidal · 1 converter · 1 energy storage

    The example game in this phase · 10 steps
    1. Tidal ×8for Front
    2. Tidal ×2
    3. Mex ×2
    4. Energy storage
    5. Mex
    6. Converter ×2
    7. Mex
    8. Wind ×8
    9. Converter ×4
    10. Wind ×3
  2. 2

    5:00 to Bot Lab

    Economy
    • Wind Turbine1Wind−17 vs standard
    Order
    1. Bot LabBot Lab after 4 mex, 18 wind, 3 converterdone ~10:13, middle half 9:07–11:11

    Some games also: wind (47%) · con turret (44%) · Thistle (38%) · Guard (33%)

    The standard build makes here, this one skips: 4 converter

    By 10:02 in all: 4 mex · 14 wind (standard 25) · 2 tidal · 1 converter (standard 6) · 1 energy storage

    The example game in this phase · 61 steps
    1. Wind ×4
    2. Energy storagefor Air
    3. Wind ×24
    4. Advanced Metal ExtractorT2 mexdone 9:17 · typical 9:16
    5. Wind ×4
    6. Advanced Metal ExtractorT2 mex ×2
    7. Bot LabBot Labdone 10:41 · typical 10:13
    8. Construction BotCon bot ×2
    9. Advanced Metal ExtractorT2 mex
    10. Con turret
    11. Construction BotCon bot
    12. TickTick ×3
    13. Con turret
    14. TickTick
    15. Fusion ReactorFusiondone 13:34
    16. TickTick ×18
    17. Wind
    18. TickTick ×6
    19. Wind
    20. TickTick ×6
    21. Wind
    22. TickTick ×6
    23. Wind
    24. TickTick ×5
    25. Wind
    26. TickTick ×6
    27. Wind
    28. TickTick ×3
    29. Con turret
    30. TickTick
    31. Wind
    32. TickTick
    33. Con turret
    34. TickTick
    35. Wind
    36. TickTick ×2
    37. Con turret
    38. Wind
    39. TickTick
    40. Con turret
    41. TickTick
    42. T2 converter
    43. Aircraft PlantAircraft Plantdone 14:09
    44. TickTick
    45. Wind
    46. TickTick ×6
    47. Wind
    48. TickTick ×7
    49. Wind
    50. TickTick ×3
    51. Construction AircraftCon aircraft
    52. TickTick ×2
    53. Con turret
    54. TickTick
    55. Wind
    56. Con turret
    57. TickTick ×2
    58. Advanced Aircraft PlantAdvanced Aircraft Plantnot finished by 15:00
    59. TickTick ×2
    60. Wind
    61. TickTick ×4

Counts are medians over the build's games: half of them build more, half fewer. The example game is Deathkebab's (36 OS, 14/10/2026); pick another.

Team trades

IN AT LEAST 30% OF ITS GAMES

You hand over

  • Tidal Generator8 Tidal to Suicide front or Frontfirst at 0:19 · in 99% of games

You get

  • Construction Bot1 Con bot from Geo or Techfirst at 2:32 · in 51% of games
  • Hercules1 Light transport from Air or Techfirst at 4:24 · in 39% of games
  • Gunslinger1 Gunslinger from Techfirst at 4:42 · in 100% of games
  • Advanced Construction Bot1 T2 con bot from Techfirst at 7:48 · in 99% of games

How it plays out

Typical game of this build against the role’s standard build, running totals by minute

  • This build
  • Standard pond

Metal produced

010k20k
0:005:0010:0015:00

metal

Enemy metal destroyed

02k4k6k
0:005:0010:0015:00

metal

Own metal lost

01k2k3k
0:005:0010:0015:00

metal

Metal sent to allies

01k2k
0:005:0010:0015:00

metal

Energy sent to allies

050k100k
0:005:0010:0015:00

metal

89 games.

Show as table
ByMetal produced: This buildMetal produced: Standard pondEnemy metal destroyed: This buildEnemy metal destroyed: Standard pondOwn metal lost: This buildOwn metal lost: Standard pondMetal sent to allies: This buildMetal sent to allies: Standard pondEnergy sent to allies: This buildEnergy sent to allies: Standard pond
1:001151150000001631981
2:0027825900000036462395
3:008147440000106060534662
4:001494141100005670114456407
5:00218121300000829109185869254
6:002883294919000011293822816811852
7:003669383096000014894333733313906
8:00445649201486512576017214454982816635
9:0053436389197215965017217874505963619564
10:0066997777263431271850918714536545321978
11:0084429920285471490777419024687216425064
12:001047312520366011401175103219134827349227158
13:001271415014371315711773161219514827940130468
14:001522417131460518142246199519734848277036354
15:001734619909594226142788296819735299826341129
WHAT THE NUMBERS SAY

Won slightly more often than the standard build with the highest kill-to-loss gap of the three buys by 15:00.

  • + Own metal lost stayed low, 779 by 10:00 vs 755 standard, tightest of the three.
  • + Destroyed 4935 enemy metal by 15:00 vs 3127 for the standard build.
  • − Still a rare line: only 9% of role games buy this early by 4:37.
  • − Metal produced by 15:00 trailed standard, 15981 vs 19066.
THE EXAMPLE YOU ARE READING

Deathkebab

35.5 OS · 14/10/2026

Open source match ↗

10 received units · includes a constructor
364 metal received · 130844 energy received

Allied construction assistance is unknown. Timings are observations, not a promise of solo reproducibility.

Typical milestones

Advanced Metal Extractor9:16Middle 50%: 8:28–10:07 · n=86
Bot Lab10:13Middle 50%: 9:07–11:11 · n=45

Played most by

Boozha39games of this buildDeathkebab33games of this buildDontStreamSnipeMeBro3games of this buildLing_long3games of this buildGoldReasons2games of this build